 Dungeon Crawl Stone Soup version 0.22-a0-422-g9628fc8 (webtiles) character file.

262295 dstrtnsr the Slayer (level 19, -11/292 HPs)
             Began as a Hill Orc Berserker on May 16, 2018.
             Was a High Priest of Trog.
             Mangled by a titan (16 damage)
             ... on level 5 of the Vaults.
             The game lasted 00:44:36 (36345 turns).

dstrtnsr the Slayer (Hill Orc Berserker)           Turns: 36345, Time: 00:44:36

Health: -11/292    AC: 26    Str: 33    XL:     19   Next: 98%
Magic:  23/23      EV: 12    Int: 13    God:    Trog [*****.]
Gold:   817        SH: 22    Dex:  8    Spells: 18/18 levels left

rFire    + + .     SeeInvis .   a - +8 mithril axe "Arga" {speed, MR+}
rCold    + . .     Gourm    .   J - +0 large shield
rNeg     . . .     Faith    +   T - +2 swamp dragon scales
rPois    +         Spirit   .   z - +2 helmet
rElec    +         Reflect  .   (no cloak)
rCorr    +         Harm     .   D - +2 pair of gloves "Vaotron" {Int+6}
MR       +++++                  b - +2 pair of boots
Stlth    ..........             Z - amulet of faith
HPRegen  1.58/turn              N - ring of protection from fire
MPRegen  0.18/turn              m - ring of protection from magic

@: berserking, resistant, very slightly contaminated, regenerating, hasted, very
quick
A: clumsy 1
}: 2/15 runes: decaying, gossamer
a: Berserk, Trog's Hand, Brothers in Arms, Renounce Religion


You were on level 5 of the Vaults.
You worshipped Trog.
Trog was extremely pleased with you.
You were not hungry.

You visited 5 branches of the dungeon, and saw 32 of its levels.
You visited the Abyss 2 times.

You collected 2571 gold pieces.
You spent 1754 gold pieces at shops.

Inventory:

Hand Weapons
 a - the +8 mithril axe "Arga" (weapon) {speed, MR+}
   (Trog gifted it to you on level 5 of the Lair of Beasts)

   Attacks with this weapon are significantly faster.
   It affects your resistance to hostile enchantments.
 K - a +4 antimagic broad axe
Missiles
 y - 6 throwing nets (quivered)
Armour
 b - a +2 pair of boots (worn)
 z - a +2 helmet (worn)
 D - the +2 pair of gloves "Vaotron" (worn) {Int+6}
   (You bought it in a shop on level 11 of the Dungeon)

   It affects your intelligence (+6).
 J - a +0 large shield (worn)
 T - +2 swamp dragon scales (worn)
Jewellery
 c - an uncursed ring of protection from cold
 f - an uncursed ring of protection from fire
 i - an uncursed ring of see invisible
 l - a +3 ring of evasion
 m - a ring of protection from magic (right hand)
 t - a +2 amulet of reflection {unknown}
 u - an uncursed ring of magical power {unknown}
 x - an uncursed ring of poison resistance {unknown}
 N - a ring of protection from fire (left hand)
 Q - a cursed ring of resist corrosion {unknown}
 Z - an amulet of faith (around neck)
Wands
 C - a wand of acid (19) {@v3}
 E - a wand of enslavement (8) {@v5}
 I - a wand of iceblast (9)
 M - a wand of scattershot (15)
 P - a wand of paralysis (31) {@v4}
 R - a wand of clouds (7) {@v1}
 V - a wand of digging (15)
Scrolls
 d - 7 scrolls of immolation
 h - 2 scrolls of magic mapping
 j - 8 scrolls of remove curse {@r2}
 p - 6 scrolls of teleportation {!d}
 s - a scroll of holy word
 v - a scroll of fear
 A - 3 scrolls of vulnerability
 U - a scroll of blinking
 W - a scroll of fog
Potions
 g - 6 potions of brilliance
 k - 4 potions of mutation
 n - a potion of cancellation
 o - 2 potions of haste
 q - a potion of agility
 r - 2 potions of ambrosia
 w - 5 potions of might
 F - 5 potions of lignification
 L - a potion of magic
Miscellaneous
 B - a phial of floods (inert)
Comestibles
 e - 8 rations {!d}


   Skills:
 + Level 23.1 Fighting
 - Level 18.0 Axes
 + Level 17.7 Armour
 + Level 6.4 Dodging
 + Level 16.5 Shields
 * Level 6.2 Evocations


You had 18 spell levels left.
You didn't know any spells.
Your spell library was empty.

Dungeon Overview and Level Annotations

Branches:
Dungeon (13/15)              Lair (6/6) D:11          Swamp (4/4) Lair:2
 Spider (4/4) Lair:4        Slime (0/5) Lair:5          Orc (0/2) D:11
 Vaults (5/5) D:13          Crypt (0/3) Vaults:3
 Temple: D:4-7

Altars:
Gozag
Nemelex Xobeh
Ru
Trog
Uskayaw
Wu Jian
Zin
Jiyva

Shops:
D:11 [[*[   Vaults:3 !


Innate Abilities, Weirdness & Mutations

You are clumsy. (Dex -2)


Message History

a dire flail; a leather armour; a human skeleton
Things that are here:
a halberd of pain; a chain mail; a leather armour
Items here: ) [[ ÷ a great sword; a plate armour; a shiny scale mail; a human skeleton Your water elemental hits the titan.
The deep elf elementalist hits your water elemental with a morningstar!
The titan hits your water elemental!
Things that are here:
a halberd of pain; a chain mail; a leather armour You fail to use your ability.
Your water elemental hits the titan.
Your water elemental hits the deep elf elementalist!
Unknown command.
The deep elf elementalist splashes around in the water.
Things that are here:
a dire flail; a leather armour; a human skeleton Unknown command.
You are confused.
You feel invigorated.
The deep elf elementalist completely misses your water elemental.
Your water elemental hits the deep elf elementalist.
Your water elemental engulfs the deep elf elementalist in water!
The vault warden hits your water elemental with a long sword!!
The vault warden blocks your water elemental's attack.
Unknown command.
The deep elf elementalist hits your water elemental with a morningstar.
Your water elemental hits the deep elf elementalist!!
The deep elf elementalist dies!
Trog accepts your kill.
Trog appreciates your killing of a magic user.
You hear a splash. x2
The vault warden throws a stone.
The stone completely misses your water elemental.
The stone hits you!!
* * * LOW HITPOINT WARNING * * *
Your water elemental hits the vault warden.
The titan gestures at you while chanting.
The bolt of lightning misses you.
The vault warden throws a stone.
The stone hits your water elemental.
Your water elemental is destroyed!
The vault warden blocks your water elemental's attack.
The vault warden throws a stone.
The stone hits you but does no damage.
The vault warden blocks your water elemental's attack.
The vault warden blocks your water elemental's attack.
Okay, then.
You hit the titan but do no damage.
The titan is lightly wounded.
Your water elemental hits the vault warden!
Your water elemental engulfs the vault warden in water!
The titan hits you!
* * * LOW HITPOINT WARNING * * *
You hit the titan.
The titan is lightly wounded.
You slash the titan!
The titan is lightly wounded.
The vault warden throws a stone.
The stone hits you but does no damage.
You slash the titan!
The titan is moderately wounded.
The titan hits you!
* * * LOW HITPOINT WARNING * * *
The vault warden blocks your water elemental's attack.
Unknown command.
Your shield prevents you from hitting the titan.
The titan is moderately wounded.
The vault warden slips free of the water.
The vault warden blocks your water elemental's attack.
The titan hits you!!
* * * LOW HITPOINT WARNING * * *
You see here a giant spiked club.
Unknown command.
Okay, then.
Unknown command.
The vault warden throws a stone.
The stone misses you.
Things that are here:
a giant spiked club; a giant club; a two-headed ogre corpse The vault warden blocks your water elemental's attack.
The vault warden throws a stone.
The stone hits you!
* * * LOW HITPOINT WARNING * * *
The vault warden blocks your water elemental's attack.
You see here a stone.
Unknown command.
You feel less invigorated.
You feel less confused.
Unknown command.
A red film seems to cover your vision as you go berserk!
You feel yourself moving faster!
You feel mighty!
You feel a lot more hungry. The titan hits you!
* * * LOW HITPOINT WARNING * * *
You are too injured to fight recklessly!
You are too injured to fight recklessly!
You are too injured to fight recklessly!
You are too injured to fight recklessly!
You barely miss the titan.
The titan is moderately wounded.
Your water elemental hits the vault warden!
Your water elemental engulfs the vault warden in water!
You slice the titan!!
The titan is heavily wounded.
The titan hits you!
You die...

*,,*,,,,,**,,,,,,,,,,,,,
*,,**,,,,,**,,,,,,,,,,,,
*,,###,,,,,**,,,,,,,,,,*
*,,#[##,,,,,**,,,,,,,,**
*,,#))##,,,,,**,,,,,,**,
*,,#)).##,,,,,**,,,,**,,
*,,#(...##,,,,,**,,**,,,
*,,#)(...##,,,,,****,,,,
*,,#)))@).##,,,,,**,,,,,
*,,#..C.(..##,,,,,**,,,,
*,,#(.p...)[#*,,,,,**,,,
*,,#.E....)##**,,,,,**,,
#..#).≈...##),**,,,,,**,
#..#)≈...##..,,**,,,,,**
#..#)...##...,,,**,,,,,*
#..#...##....,,,,**,,,..
#..#))##.....,,,,,**,,..


You could see a titan, a vault warden and a friendly water elemental.

Vanquished Creatures
  An ancient lich (Vaults:5)
  A bone dragon (Vaults:3)
  Rupert (D:13)
  A titan (Vaults:5)
  3 tentacled starspawn (Abyss:3)
  A sphinx (Vaults:5)
  3 thorn hunters
  A shadow dragon (Vaults:4)
  Donald (Swamp:3)
  A fire giant (Vaults:4)
  5 ghost moths
  3 frost giants
  4 vault wardens
  3 emperor scorpions (Spider:4)
  Louise (Spider:4)
  A draconian stormcaller (Abyss:2)
  A deep elf elementalist (Vaults:5)
  10 ironheart preservers
  4 stone giants
  7 very ugly things
  A deep elf annihilator (Vaults:4)
  2 entropy weavers
  A spark wasp (Spider:4)
  2 ettins
  4 yaktaur captains
  A fire dragon (Vaults:3)
  A great orb of eyes (Vaults:3)
  2 rakshasas (Vaults:3)
  9 vault guards
  Harold (D:11)
  A ghost crab (Swamp:3)
  A death knight (Vaults:4)
  23 hydras
  5 centaur warriors
  2 deep troll earth magi
  10 two-headed ogres
  A deep troll shaman (Vaults:1)
  8 alligators
  A tengu warrior (D:13)
  5 ogre magi
  5 thrashing horrors
  2 deep elf knights
  A shadow wraith (Vaults:3)
  2 wretched stars
  A sixfirhy (Abyss:3)
  A glowing orange brain (Abyss:3)
  2 unseen horrors
  A spriggan druid (Swamp:4)
  A glowing orange brain (shapeshifter) (Vaults:4)
  A flayed ghost (Vaults:4)
  Pikel (D:8)
  2 shambling mangroves (Swamp:4)
  9 swamp dragons
  2 deep elf archers
  8 ironbrand convokers
  8 deep trolls
  A wolf spider zombie (D:13)
  4 orc knights
  3 deep elf magi
  5 harpies
  19 orb spiders
  26 wolf spiders
  A cyclops (Vaults:1)
  8 ugly things
  19 slime creatures
  2 moths of wrath
  An elephant (Lair:5)
  4 black mambas
  8 vault sentinels
  Joseph (D:8)
  13 spiny frogs
  A gargoyle (D:13)
  The ghost of Curus the Insei, a novice MfTm (D:4)
  5 rime drakes
  9 yaktaurs
  3 ancient zymes
  3 starcursed masses (Abyss:3)
  A tormentor (Abyss:2)
  4 freezing wraiths
  8 komodo dragons
  6 demonic crawlers
  A tengu conjurer (D:13)
  29 jumping spiders
  2 trolls
  3 meliai
  2 polar bears
  5 tyrant leeches
  34 blink frogs
  4 bog bodies
  19 hornets
  12 hippogriffs
  A raiju (Abyss:3)
  A snapping turtle (shapeshifter) (Vaults:4)
  A hippogriff (shapeshifter) (Abyss:3)
  A frost giant simulacrum (Vaults:3)
  A flying skull (Abyss:2)
  30 tarantellas
  46 redbacks
  22 yaks
  An ettin skeleton (Abyss:3)
  A spriggan (shapeshifter) (Vaults:4)
  2 shadows
  2 tarantellas (shapeshifter) (Vaults:4)
  7 spriggans
  4 wyverns
  2 basilisks
  A vampire (D:13)
  3 neqoxecs
  2 golden eyes (Abyss:3)
  23 vampire mosquitoes
  5 hungry ghosts
  A steam dragon (D:10)
  Menkaure (D:5)
  3 large abominations
  14 swamp worms
  A warg (shapeshifter) (Vaults:3)
  2 small abominations (Abyss:2)
  3 acid dragons
  15 water moccasins
  12 insubstantial wisps
  A floating eye (shapeshifter) (Vaults:5)
  13 porcupines
  7 swamp drakes
  16 orc warriors
  4 ice beasts
  A slave (D:8)
  3 black bears
  An eye of draining (D:10)
  A phantom (D:10)
  3 sky beasts
  4 crocodiles
  26 ogres
  13 wolves
  11 centaurs
  A big kobold (D:7)
  20 bullfrogs
  3 gnoll sergeants (D:10)
  3 scorpions
  4 wights (D:10)
  2 howler monkeys
  4 electric eels
  6 crimson imps
  2 quasits
  A bullfrog zombie (D:8)
  3 centaur zombies
  2 jellies
  10 orc priests
  18 orc wizards
  7 hounds
  A bullfrog skeleton (D:5)
  3 centaur skeletons
  3 gnoll shamans (D:10)
  5 iguanas
  Ijyb (D:3)
  2 hell rats (Lair:6)
  12 worker ants
  3 hound zombies
  A hound skeleton (D:6)
  A howler monkey zombie (D:9)
  A worker ant zombie (D:5)
  12 adders
  20 gnolls
  3 river rats
  2 shadow imps
  A white imp (Abyss:2)
  2 ufetubi (Abyss:2)
  2 oozes
  An adder skeleton (D:9)
  2 adder zombies
  3 worms
  4 dart slugs
  11 leopard geckos
  65 orcs
  8 giant cockroaches
  11 goblins
  8 hobgoblins
  20 jackals
  7 quokkas
  3 ball pythons
  13 bats
  5 frilled lizards
  2 jackal zombies (D:5)
  12 kobolds
  A leopard gecko zombie (D:5)
  5 rats
  7 briar patches
  3 fungi
  2 plants (Lair:5)
  2 starspawn tentacles (Abyss:3)
1116 creatures vanquished.

Vanquished Creatures (collateral kills)
  An ancient lich (Vaults:5)
  Arachne (Spider:3)
  A lich (Vaults:5)
  A thorn hunter (Swamp:1)
  2 frost giants (Vaults:5)
  2 vault wardens
  An emperor scorpion (Spider:3)
  A deep elf elementalist (Vaults:5)
  A deep elf demonologist (Vaults:5)
  A vault guard (Vaults:5)
  2 hydras
  2 alligators
  2 centaur warriors (Vaults:3)
  3 two-headed ogres
  A thrashing horror (Abyss:2)
  A swamp dragon (Swamp:4)
  A glowing orange brain (Abyss:2)
  An orc knight (Vaults:4)
  2 orb spiders (Spider:4)
  A cyclops (D:11)
  A moth of wrath (Spider:3)
  2 yaktaurs
  A demonic crawler (Spider:3)
  A hornet (Swamp:1)
  A jumping spider (Spider:3)
  3 redbacks (Spider:4)
  2 tarantellas (Spider:4)
  A vampire mosquito (Swamp:1)
  A porcupine (Lair:4)
  2 orc warriors (Vaults:3)
  An ogre (Vaults:5)
  A centaur (D:8)
  A bullfrog (Lair:4)
  A jelly (D:8)
47 creatures vanquished.

Vanquished Creatures (others)
  An alligator (Swamp:3)
  An orb spider (Spider:4)
  A tarantella (Spider:4)
  A swamp drake (Swamp:4)
  A slave (D:8)
  8 briar patches
  8 fungi
  12 plants
  4 starspawn tentacles (Abyss:3)
37 creatures vanquished.

Grand Total: 1200 creatures vanquished

Notes
Turn   | Place    | Note
-------+----------+-------------------------------------------
     0 | D:1      | dstrtnsr the Hill Orc Berserker began the quest for the Orb.
     0 | D:1      | Reached XP level 1. HP: 19/19 MP: 1/1
   344 | D:1      | Reached XP level 2. HP: 26/27 MP: 2/2
   659 | D:1      | Reached skill level 4 in Fighting
   843 | D:1      | Reached skill level 5 in Axes
  1057 | D:1      | Reached XP level 3. HP: 32/33 MP: 3/3
  1135 | D:2      | Reached ** piety under Trog
  1153 | D:2      | HP: 11/33 [hobgoblin (5)]
  1773 | D:2      | Reached XP level 4. HP: 38/41 MP: 4/4
  3234 | D:3      | Reached XP level 5. HP: 47/47 MP: 5/5
  3387 | D:3      | Reached skill level 5 in Fighting
  3402 | D:3      | Reached *** piety under Trog
  3409 | D:3      | Paralysed by an orc for 4 turns
  3605 | D:3      | Noticed Ijyb
  3619 | D:3      | Killed Ijyb
  3619 | D:3      | Reached XP level 6. HP: 52/56 MP: 6/6
  4157 | D:4      | Noticed Curus's ghost (novice MfTm)
  4169 | D:4      | Killed Curus's ghost
  4169 | D:4      | Reached skill level 6 in Fighting
  4169 | D:4      | Reached XP level 7. HP: 64/64 MP: 7/7
  4592 | D:4      | Found a sacrificial altar of Ru.
  4802 | D:5      | Entered Level 5 of the Dungeon
  4846 | D:5      | Noticed Menkaure
  4853 | D:5      | Killed Menkaure
  4853 | D:5      | Reached skill level 7 in Fighting
  4853 | D:5      | Reached skill level 10 in Axes
  4853 | D:5      | Reached XP level 8. HP: 73/73 MP: 8/8
  4881 | D:5      | Reached **** piety under Trog
  5008 | D:5      | Found a sparkling altar of Nemelex Xobeh.
  5615 | D:6      | Reached skill level 8 in Fighting
  5731 | D:6      | Reached XP level 9. HP: 55/82 MP: 9/9
  6114 | D:6      | Reached ***** piety under Trog
  6116 | D:6      | Reached skill level 9 in Fighting
  6721 | D:7      | You fall through a shaft for 2 floors!
  7062 | D:9      | Reached skill level 10 in Fighting
  7420 | D:9      | Received a gift from Trog
  7422 | D:9      | Reached XP level 10. HP: 86/93 MP: 10/10
  7694 | D:9      | Reached skill level 15 in Axes
  8012 | D:9      | Found a glowing silver altar of Zin.
  8013 | D:9      | Found an ornate altar of the Wu Jian Council.
  8588 | D:8      | Noticed a two-headed ogre
  8592 | D:8      | Killed a two-headed ogre
  8592 | D:8      | Reached skill level 11 in Fighting
  8596 | D:8      | Got a slimy plate armour
  8628 | D:8      | Identified the +2 plate armour of the Realm of Zot {rC- rCorr Str+2} (You found it on level 8 of the Dungeon)
  9154 | D:7      | Got a faintly humming chain mail
  9165 | D:7      | Identified the +5 chain mail of Xoxtetup {rN+} (You found it on level 7 of the Dungeon)
  9396 | D:8      | Noticed Joseph
  9411 | D:8      | Killed Joseph
  9411 | D:8      | Reached skill level 5 in Armour
  9415 | D:8      | Reached XP level 11. HP: 72/102 MP: 11/11
  9707 | D:8      | Found a bloodstained altar of Trog.
  9709 | D:8      | Found a hide-covered altar of Uskayaw.
  9709 | D:8      | Found an opulent altar of Gozag.
  9829 | D:8      | Noticed Pikel
  9840 | D:8      | Killed Pikel
 10007 | D:10     | Entered Level 10 of the Dungeon
 10700 | D:10     | Noticed a two-headed ogre
 10706 | D:10     | Killed a two-headed ogre
 10706 | D:10     | Reached skill level 12 in Fighting
 11173 | D:11     | Found Kazi's Antique Armour Emporium.
 11176 | D:11     | Bought a pair of brightly glowing gloves for 294 gold pieces
 11181 | D:11     | Identified the +2 pair of gloves "Vaotron" {Int+6} (You bought it in a shop on level 11 of the Dungeon)
 11190 | D:11     | Found Biem's Assorted Antiques.
 11201 | D:11     | Bought an encrusted bronze ring for 110 gold pieces
 11201 | D:11     | Bought a scroll labeled UVEUS TOGAEQ for 22 gold pieces
 11201 | D:11     | Bought a scroll labeled FESUHUY HAENEU for 22 gold pieces
 11201 | D:11     | Bought a sedimented cyan potion for 19 gold pieces
 11201 | D:11     | Bought a sedimented cyan potion for 19 gold pieces
 11359 | D:11     | Found Noege's Armour Shop.
 11393 | D:11     | Noticed Harold
 11410 | D:11     | Killed Harold
 11484 | D:11     | Received a gift from Trog
 11674 | D:11     | Noticed a cyclops
 11685 | D:11     | HP: 32/105 [cyclops (13)]
 11688 | D:11     | Noticed a seven-headed hydra
 11689 | D:11     | Killed a cyclops
 11696 | D:11     | Killed a seven-headed hydra
 12065 | D:11     | Found a staircase to the Orcish Mines.
 12071 | D:11     | Found Itavel's Armour Shop.
 12205 | D:11     | Found a staircase to the Lair.
 12215 | D:11     | Reached XP level 12. HP: 101/113 MP: 12/12
 12346 | Lair:1   | Entered Level 1 of the Lair of Beasts
 12365 | Lair:1   | Noticed a four-headed hydra
 12372 | Lair:1   | Killed a one-headed hydra
 12372 | Lair:1   | Reached skill level 1 in Shields
 12449 | Lair:1   | HP: 45/113 [wolf (4)]
 12583 | Lair:1   | Noticed a four-headed hydra
 12590 | Lair:1   | Killed a one-headed hydra
 12978 | Lair:1   | Reached skill level 13 in Fighting
 13128 | Lair:1   | Noticed a four-headed hydra
 13134 | Lair:1   | Killed a one-headed hydra
 14038 | Lair:2   | Noticed a six-headed hydra
 14055 | Lair:2   | Killed a two-headed hydra
 14055 | Lair:2   | Reached skill level 5 in Shields
 14622 | Lair:2   | Received a gift from Trog
 14630 | Lair:2   | Cast into level 2 of the Abyss (a distortion unwield)
 14718 | Abyss:2  | HP: 39/114 [something] (17)]
 14723 | Abyss:2  | HP: 31/116 [death drake] (12)]
 14728 | Abyss:2  | HP: 38/116 [poisoned by a death drake (dark miasma)]
 14733 | Abyss:2  | HP: 35/116 [poisoned by a death drake (dark miasma)]
 14738 | Abyss:2  | HP: 38/116 [poisoned by a death drake (dark miasma)]
 14744 | Abyss:2  | HP: 42/116 [poisoned by a death drake (dark miasma)]
 14890 | Abyss:2  | Noticed a thrashing horror
 14903 | Abyss:2  | Killed a thrashing horror
 14912 | Abyss:2  | Noticed a thrashing horror
 15003 | Abyss:2  | Reached XP level 13. HP: 123/123 MP: 13/13
 15109 | Abyss:2  | HP: 37/123 [??? (28)]
 15113 | Abyss:2  | Reached skill level 14 in Fighting
 15113 | Abyss:2  | Reached skill level 10 in Armour
 15114 | Abyss:2  | HP: 31/186 [thrashing horror (1)]
 15128 | Abyss:2  | Noticed a yellow draconian stormcaller
 15130 | Abyss:2  | HP: 11/124 [yellow draconian stormcaller/divine providence (16)]
 15138 | Abyss:2  | HP: 33/124 [wind drake/the air[a yellow draconian stormcaller] (9)]
 15145 | Abyss:2  | HP: 26/124 [wind drake/the air[a yellow draconian stormcaller] (7)]
 15159 | Abyss:2  | HP: 35/124 [yellow draconian stormcaller/enchanted dagger (14)]
 15167 | Abyss:2  | Killed a yellow draconian stormcaller
 15187 | Abyss:2  | HP: 46/124 [blink frog (1)]
 15193 | Abyss:2  | HP: 43/124 [blink frog (4)]
 15540 | Lair:2   | Escaped the Abyss
 15766 | Lair:2   | Found a staircase to the Swamp.
 16662 | Lair:3   | Reached skill level 15 in Fighting
 17134 | Lair:4   | Found a hole to the Spider Nest.
 18155 | Spider:1 | Entered Level 1 of the Spider Nest
 18203 | Lair:5   | Reached XP level 14. HP: 135/135 MP: 14/14
 18365 | Lair:5   | Received a gift from Trog
 18366 | Lair:5   | Found the +8 mithril axe "Arga" {speed, MR+}
 18427 | Lair:5   | Found a viscous altar of Jiyva.
 18427 | Lair:5   | Found a staircase to the Slime Pits.
 19235 | Lair:6   | Entered Level 6 of the Lair of Beasts
 19272 | Lair:5   | HP: 52/136 [spiny frog (6)]
 19277 | Lair:5   | HP: 45/136 [poisoned by a spiny frog]
 19282 | Lair:5   | HP: 30/136 [poisoned by a spiny frog]
 19287 | Lair:5   | HP: 23/136 [poisoned by a spiny frog]
 19292 | Lair:5   | HP: 20/136 [poisoned by a spiny frog]
 19297 | Lair:5   | HP: 18/136 [poisoned by a spiny frog]
 19302 | Lair:5   | HP: 16/136 [poisoned by a spiny frog]
 19307 | Lair:5   | HP: 16/136 [poisoned by a spiny frog]
 19314 | Lair:5   | HP: 16/136 [poisoned by a spiny frog]
 19322 | Lair:5   | HP: 17/136 [poisoned by a spiny frog]
 19878 | Lair:6   | Reached skill level 10 in Shields
 20386 | Swamp:1  | Entered Level 1 of the Swamp
 20401 | Swamp:1  | Reached skill level 16 in Fighting
 20403 | Swamp:1  | HP: 49/137 [tyrant leech (23)]
 20788 | Swamp:1  | HP: 51/137 [poison (poison gas)]
 20830 | Swamp:1  | Noticed a thorn hunter
 21234 | Swamp:1  | Killed a thorn hunter
 21239 | Swamp:1  | HP: 52/137 [vampire mosquito (3)]
 21532 | Swamp:1  | Noticed a thorn hunter
 21545 | Swamp:1  | HP: 54/137 [thorn hunter/volley of thorns (33)]
 21552 | Swamp:1  | HP: 36/137 [eight-headed hydra (5)]
 21565 | Swamp:1  | HP: 36/137 [thorn hunter/volley of thorns (5)]
 21570 | Swamp:1  | Killed a thorn hunter
 22268 | Swamp:1  | Received a gift from Trog
 22288 | Swamp:1  | HP: 45/138 [tyrant leech (17)]
 22295 | Swamp:1  | HP: 63/207 [spriggan rider/spear (11)]
 22300 | Swamp:1  | HP: 49/207 [spriggan rider/spear (11)]
 22924 | Swamp:3  | Reached XP level 15. HP: 145/145 MP: 15/15
 22933 | Swamp:3  | Noticed Donald
 23106 | Swamp:3  | Killed Donald
 23358 | Swamp:3  | Reached skill level 17 in Fighting
 23866 | Swamp:4  | Entered Level 4 of the Swamp
 24642 | Swamp:4  | Noticed a thorn hunter
 24653 | Swamp:4  | Noticed a thorn hunter
 24656 | Swamp:4  | Killed a thorn hunter
 24666 | Swamp:4  | HP: 58/149 [seven-headed hydra (6)]
 24680 | Swamp:4  | HP: 52/149 [five-headed hydra (2)]
 24685 | Swamp:4  | HP: 44/149 [thorn hunter/volley of thorns (9)]
 24693 | Swamp:4  | HP: 58/149 [thorn hunter (6)]
 24699 | Swamp:4  | Reached skill level 18 in Fighting
 24699 | Swamp:4  | HP: 27/223 [thorn hunter/volley of thorns (22)]
 24702 | Swamp:4  | Killed a thorn hunter
 24725 | Swamp:4  | HP: 56/149 [five-headed hydra (1)]
 24799 | Swamp:4  | Got a decaying rune of Zot
 25075 | D:11     | Bought an ancient plate armour for 868 gold pieces
 25085 | D:11     | Identified the +0 plate armour of the Stallion {rN+ Dex+4} (You bought it in a shop on level 11 of the Dungeon)
 25261 | Spider:1 | Reached XP level 16. HP: 158/158 MP: 16/16
 25897 | Spider:3 | Received a gift from Trog
 25910 | Spider:3 | Reached skill level 19 in Fighting
 26273 | Spider:3 | Reached skill level 15 in Armour
 26464 | Spider:3 | Noticed Arachne
 26477 | Spider:3 | Killed Arachne
 26521 | Spider:4 | Entered Level 4 of the Spider Nest
 26533 | Spider:3 | HP: 61/161 [redback (4)]
 26535 | Spider:3 | HP: 27/161 [redback (8)]
 27029 | Spider:3 | HP: 94/241 [meliai/war axe (8)]
 27034 | Spider:3 | HP: 83/241 [poisoned by a meliai]
 27039 | Spider:3 | HP: 42/161 [poisoned by a meliai]
 27044 | Spider:3 | HP: 35/161 [poisoned by a meliai]
 27049 | Spider:3 | HP: 32/161 [poisoned by a meliai]
 27055 | Spider:3 | HP: 31/161 [poisoned by a meliai]
 27060 | Spider:3 | HP: 31/161 [poisoned by a meliai]
 27068 | Spider:3 | HP: 32/161 [poisoned by a meliai]
 27570 | Spider:4 | Received a gift from Trog
 27858 | Spider:4 | Reached skill level 20 in Fighting
 27907 | Spider:4 | HP: 95/243 [tarantella (10)]
 27909 | Spider:4 | Reached XP level 17. HP: 109/170 MP: 17/17
 27913 | Spider:4 | HP: 96/255 [redback (6)]
 27920 | Spider:4 | HP: 95/255 [disintegration (1)]
 27926 | Spider:4 | HP: 91/255 [wolf spider (1)]
 27931 | Spider:4 | HP: 90/255 [wolf spider (2)]
 28308 | Spider:4 | Noticed Louise
 28346 | Spider:4 | Killed Louise
 28857 | Spider:4 | Got a gossamer rune of Zot
 29592 | D:13     | Noticed Rupert
 29605 | D:13     | Killed Rupert
 29800 | D:13     | Received a gift from Trog
 29800 | D:13     | Reached skill level 21 in Fighting
 30206 | D:13     | Found a gate to the Vaults.
 30215 | Vaults:1 | Entered Level 1 of the Vaults
 30424 | Vaults:1 | Received a gift from Trog
 30644 | Vaults:1 | Reached skill level 15 in Shields
 31205 | Vaults:1 | Reached XP level 18. HP: 182/182 MP: 18/18
 31728 | Vaults:3 | HP: 48/184 [large slime creature (29)]
 31738 | Vaults:3 | HP: 51/184 [wolf spider (10)]
 31743 | Vaults:3 | HP: 45/184 [poisoned by a wolf spider]
 31748 | Vaults:2 | HP: 25/184 [poisoned by a wolf spider]
 31753 | Vaults:2 | HP: 18/184 [poisoned by a wolf spider]
 31758 | Vaults:2 | HP: 16/184 [poisoned by a wolf spider]
 31763 | Vaults:2 | HP: 15/184 [poisoned by a wolf spider]
 31768 | Vaults:1 | HP: 15/184 [poisoned by a wolf spider]
 31775 | Vaults:1 | HP: 16/184 [poisoned by a wolf spider]
 31783 | Vaults:1 | HP: 17/184 [poisoned by a wolf spider]
 32208 | Vaults:3 | Reached skill level 22 in Fighting
 32217 | Vaults:3 | Received a gift from Trog
 32418 | Vaults:3 | Noticed a bone dragon
 32444 | Vaults:3 | Killed a bone dragon
 32627 | Vaults:3 | Found Buwo's Distillery.
 32634 | Vaults:3 | Bought a potion of curing for 30 gold pieces
 32634 | Vaults:3 | Bought a potion of resistance for 100 gold pieces
 32634 | Vaults:3 | Bought a potion of haste for 100 gold pieces
 32634 | Vaults:3 | Bought a potion of resistance for 100 gold pieces
 32634 | Vaults:3 | Bought a potion of curing for 30 gold pieces
 32634 | Vaults:3 | Bought a potion of might for 40 gold pieces
 32910 | Vaults:3 | Found a staircase to the Crypt.
 33080 | Vaults:4 | HP: 68/184 [acid (10)]
 33085 | Vaults:4 | HP: 51/184 [orc knight/bolt (18)]
 33097 | Vaults:4 | HP: 55/184 [brown very ugly thing (1)]
 33106 | Vaults:4 | HP: 74/276 [brown very ugly thing (5)]
 33110 | Vaults:4 | Received a gift from Trog
 33140 | Vaults:4 | HP: 40/185 [brown very ugly thing (13)]
 33149 | Vaults:3 | HP: 32/185 [brown very ugly thing (7)]
 33161 | Vaults:3 | HP: 26/185 [centaur warrior/arrow (5)]
 33169 | Vaults:3 | HP: 36/185 [rakshasa (illusionary)/trident (5)]
 33413 | Vaults:4 | HP: 71/185 [two-headed ogre/giant spiked club (10)]
 34022 | Vaults:4 | Reached XP level 19. HP: 193/193 MP: 19/19
 34035 | Vaults:4 | Reached skill level 5 in Dodging
 34056 | Vaults:4 | Cast into level 3 of the Abyss (vault warden)
 34113 | Abyss:3  | Found a corrupted altar of Lugonu.
 34120 | Abyss:3  | Gained mutation: You are clumsy. (Dex -2) [a neqoxec]
 34209 | Abyss:3  | Reached skill level 1 in Evocations
 34291 | Vaults:4 | Escaped the Abyss
 34292 | Vaults:4 | HP: 73/193 [vault warden/war axe of distortion (28)]
 34299 | Vaults:4 | HP: 36/193 [yaktaur/bolt[a vault warden] (14)]
 35321 | Vaults:4 | Received a gift from Trog
 35938 | Vaults:5 | Entered Level 5 of the Vaults
 35940 | Vaults:5 | Noticed a golden dragon
 35982 | Vaults:5 | Reached skill level 23 in Fighting
 36006 | Vaults:5 | Identified a scroll of acquirement
 36008 | Vaults:5 | Got an ancient helmet
 36027 | Vaults:5 | Identified the +1 helmet of the Dragon {rF- rN+ rCorr} (You acquired it on level 5 of the Vaults)
 36081 | Vaults:5 | Reached skill level 5 in Evocations
 36086 | Vaults:5 | HP: 73/195 [Executioner[a deep elf demonologist] (13)]
 36090 | Vaults:5 | Noticed an ancient lich
 36091 | Vaults:5 | HP: 41/195 [Executioner[a deep elf demonologist] (1)]
 36105 | Vaults:5 | Killed an ancient lich
 36256 | Vaults:5 | Noticed an ancient lich
 36264 | Vaults:5 | HP: 87/292 [ancient lich/crystal spear (114)]
 36270 | Vaults:5 | HP: 34/292 [ancient lich/crystal spear (56)]
 36271 | Vaults:5 | Killed an ancient lich
 36312 | Vaults:5 | HP: 39/195 [lich/bolt of cold (36)]
 36313 | Vaults:5 | HP: 18/195 [lich/bolt of cold (11)]
 36327 | Vaults:5 | HP: 28/195 [vault warden/stone (18)]
 36333 | Vaults:5 | HP: 43/195 [titan (7)]
 36338 | Vaults:5 | HP: 3/195 [titan (35)]
 36343 | Vaults:5 | HP: 4/292 [titan (12)]
 36345 | Vaults:5 | Mangled by a titan

Vault maps used:
D:1:      dpeg_arrival_boxorama
D:3:      kennysheep_big_flooded_room, minmay_quantized, uniq_ijyb
D:4:      overflow_temple_1_default
D:5:      serial_undead, serial_undead_e, serial_undead_b, serial_undead_b,
          serial_undead_f, first_ration, corexii_shack, st_stairs_12,
          minmay_misc_feat_doors, kennysheep_cross_bottleneck,
          nemelex_lonely_heart_becter, uniq_menkaure
D:6:      minmay_temple_entry_enclosed_plants, gup_sewer_entry_spiral,
          moated_statue, kennysheep_generic_room_4
D:7:      minivault_23
D:8:      grunt_temple_overflow_open, uniq_pikel, uniq_joseph
D:9:      gammafunk_temple_overflow_statue, grunt_ogre_cave
D:10:     serial_gnoll_camp, gnoll_camp_mini_basic, gnoll_camp_mini_hut,
          gnoll_camp_medium_02, gnoll_camp_mini_basic, gnoll_camp_mini_hut
D:11:     grunt_lair_entry_orc_guard_hut, orc_0_dummy, serial_shops,
          nicolae_shop_crystal, nicolae_shop_overgrown_old_shop,
          nicolae_shop_window_shopping, nicolae_shop_behind_doors,
          kennysheep_little_box, hangedman_decor_push, uniq_harold
D:12:     special_room
D:13:     david_vaults_2, uniq_rupert
Lair:1:   grunt_forest_small_clearing_treed, serial_bayou_shore_a
Lair:2:   nicolae_swamp_entry_splash_gauntlet
Lair:3:   minivault_19, minivault_27
Lair:4:   spider_nest_entry_webs, lemuel_fruit_fields
Lair:5:   slime_altar_1, nicolae_volcano_entry_two_sided
Lair:6:   gammafunk_lair_ancient_temple, lab_entry_generic, st_stairs_5,
          small_statue_intersection, hangedman_lair_unloving_vines,
          kennysheep_abandoned_house, serial_bayou_shore_b, lemuel_fruit_tree
Swamp:1:  evilmike_swamp_ruin_house_2
Swamp:2:  nicolae_swamp_trees_clearing, swamp_pool2, cheibrodos_swamp_minitomb
Swamp:3:  evilmike_swamp_ruin_house_5, uniq_donald
Swamp:4:  swamp, infiniplex_staircase_pool
Spider:1: spider_trap, uniq_roxanne
Spider:2: hangedman_spider_mandibles, uniq_agnes
Spider:3: nicolae_spider_hall_of_the_moth_king, uniq_arachne
Spider:4: grunt_spider_rune_island, uniq_louise
Vaults:1: v_misc_33, nicolae_vaults_network_periphery,
          nicolae_vaults_three_branches, hangedman_vaults_restitches, v_misc_24,
          nicolae_vaults_little_squares_1, vaults_room_door_ring, v_misc_30,
          vaults_dpeg_hooks, ontoclasm_vaults_gateway, dpeg_vaults_monster_box,
          vaults_room_door_ring
Vaults:2: vaults_room_large_hall, v_alt_pattern_1, v_misc_26,
          ontoclasm_vaults_chip, grunt_vaults_focal,
          nicolae_vaults_little_squares_3, ontoclasm_vaults_ring_small,
          nicolae_vaults_display_case, vaults_room_corners, v_rooms_2,
          ontoclasm_vaults_hangar, vaults_room_pools,
          nicolae_vaults_diagonal_hallway_6, vaults_room_fours
Vaults:3: nicolae_vaults_inception_corners, nicolae_vaults_network_star,
          hangedman_vaults_stagger, ontoclasm_vaults_bender, v_alt_pattern_5,
          nicolae_vaults_hallways_thing, nicolae_vaults_ring_of_whatevers,
          nicolae_vaults_shelves_hall, minmay_crypt_entry_nasty_monster,
          hangedman_vaults_river_flow, ontoclasm_vaults_twist,
          vaults_room_boxed, ontoclasm_vaults_decontamination,
          vaults_room_mumra_shop_pool, nicolae_vaults_halls_meeting,
          nicolae_vaults_rhombus_7, vaults_room_semicircle
Vaults:4: dpeg_vaults_monster_row, ontoclasm_vaults_pinch, vaults_room_fours,
          vaults_room_semicircle, v_misc_13, v_alt_pattern_4,
          vaults_room_hallway, nicolae_vaults_ring_of_whatevers,
          vaults_mumra_lcd, vaults_room_fours, ontoclasm_vaults_spin,
          hangedman_vaults_hat, v_misc_31, v_alt_pattern_4, vaults_dpeg_ring,
          vaults_room_ringed_pool
Vaults:5: uniq_margery
Abyss:2:  hangedman_decor_peaks_small, bh_abyss_negative
Abyss:3:  evilmike_abyss_exit_vortex, hangedman_decor_riveting,
          gammafunk_abyss_rune_reverse_zot

Skill      XL: |  1  2  3  4  5  6  7  8  9 10 11 12 13 14 15 16 17 18 19 |
---------------+----------------------------------------------------------+-----
Fighting       | 4 5 6 7 8 10 11 12 13 15 16 18 20 21 22 23 | 23.1
Axes           | 5 6 7 9 10 12 14 16 17 18 | 18.0
Armour         | 5 7 9 11 13 14 15 16 17 | 17.7
Shields        | 6 9 11 12 14 15 16 | 16.5
Dodging        | 2 4 6 |  6.4
Evocations     | 6 |  6.2

Action                   |  1- 3 |  4- 6 |  7- 9 | 10-12 | 13-15 | 16-18 | 19-21 || total
-------------------------+-------+-------+-------+-------+-------+-------+-------++-------
Melee: Hand axe          |   138 |   112 |       |       |       |       |       ||   250
       War axe           |       |    73 |   397 |   732 |   541 |       |       ||  1743
       Broad axe         |       |       |       |       |   442 |  1204 |   350 ||  1996
Throw: Throwing net      |       |       |       |       |     1 |       |       ||     1
Invok: Berserk           |       |     4 |       |     7 |    18 |    19 |     3 ||    51
       Brothers in Arms  |       |       |       |     3 |    11 |     8 |     5 ||    27
       Trog's Hand       |       |       |       |     1 |     6 |     6 |     5 ||    18
Evoke: Wand              |       |       |       |     1 |       |     2 |       ||     3
       Phial of floods   |       |       |       |       |       |     2 |     2 ||     4
  Use: Scroll            |       |     7 |     4 |    11 |    12 |    13 |     9 ||    56
       Potion            |       |       |       |     4 |     7 |     8 |    15 ||    34
 Stab: Distracted        |       |     1 |       |       |     1 |       |     1 ||     3
       Invisible         |       |       |       |       |     2 |       |     5 ||     7
  Eat: Chunk             |     3 |    10 |    10 |    32 |    23 |    35 |     4 ||   117
       Ration            |       |       |     1 |     2 |     9 |     5 |     3 ||    20
Armor: Animal skin       |    34 |    13 |       |       |       |       |       ||    47
       Scale mail        |       |    21 |    65 |       |       |       |       ||    86
       Chain mail        |       |       |    76 |   346 |   265 |     1 |       ||   688
       Plate armour      |       |       |       |     4 |       |       |       ||     4
       Swamp dragon scal |       |       |       |       |   220 |   275 |    80 ||   575
       Skin              |       |       |       |       |       |    29 |       ||    29
Dodge: Dodged            |   108 |   121 |   210 |   288 |   414 |   223 |    54 ||  1418
Block: Shield            |       |       |       |    95 |   388 |       |       ||   483
       Large shield      |       |       |       |       |   203 |   893 |   247 ||  1343

Table legend:
 A = Spawn XP
 B = Non-spawn XP
 C = Spawn XP percentage of total XP
 D = Spawn monster count
 E = Non-spawn monster count
 F = Spawn count percentage of total count
 G = Total turns spent on level
                    A         B        C        D         E        F      G
               +---------+---------+-------+---------+---------+-------+---------
         Total |   20910 |  377328 |   5.3 |      35 |    1117 |   3.0 | 36345
               +---------+---------+-------+---------+---------+-------+---------
           D:1 |       0 |      36 |   0.0 |       0 |      18 |   0.0 |  1098
           D:2 |       0 |      78 |   0.0 |       0 |      33 |   0.0 |  1420
           D:3 |       0 |     275 |   0.0 |       0 |      44 |   0.0 |  1549
           D:4 |       0 |     611 |   0.0 |       0 |      13 |   0.0 |   735
           D:5 |       0 |     844 |   0.0 |       0 |      22 |   0.0 |   695
           D:6 |       0 |    1340 |   0.0 |       0 |      30 |   0.0 |   842
           D:7 |       0 |     822 |   0.0 |       0 |      21 |   0.0 |  1007
           D:8 |       0 |    3687 |   0.0 |       0 |      47 |   0.0 |   939
           D:9 |       0 |    2999 |   0.0 |       0 |      45 |   0.0 |  1722
          D:10 |       0 |    4630 |   0.0 |       0 |      58 |   0.0 |  1216
          D:11 |       0 |    3166 |   0.0 |       0 |      23 |   0.0 |  1272
          D:12 |       0 |    1363 |   0.0 |       0 |      21 |   0.0 |   156
          D:13 |       0 |   19431 |   0.0 |       0 |      44 |   0.0 |   924
        Lair:1 |       0 |    7502 |   0.0 |       0 |      29 |   0.0 |  1341
        Lair:2 |       0 |    5496 |   0.0 |       0 |      28 |   0.0 |  1984
        Lair:3 |       0 |    8451 |   0.0 |       0 |      31 |   0.0 |  1252
        Lair:4 |       0 |    5112 |   0.0 |       0 |      22 |   0.0 |  1308
        Lair:5 |       0 |    7038 |   0.0 |       0 |      27 |   0.0 |  1905
        Lair:6 |       0 |    5923 |   0.0 |       0 |      21 |   0.0 |   153
       Swamp:1 |       0 |   12513 |   0.0 |       0 |      34 |   0.0 |  1760
       Swamp:2 |       0 |    5648 |   0.0 |       0 |      15 |   0.0 |   437
       Swamp:3 |       0 |   15034 |   0.0 |       0 |      39 |   0.0 |  1098
       Swamp:4 |       0 |   28069 |   0.0 |       0 |      49 |   0.0 |   730
      Spider:1 |       0 |    4582 |   0.0 |       0 |       9 |   0.0 |   340
      Spider:2 |       0 |    1031 |   0.0 |       0 |       4 |   0.0 |   174
      Spider:3 |       0 |   31342 |   0.0 |       0 |      79 |   0.0 |  1841
      Spider:4 |       0 |   40113 |   0.0 |       0 |      96 |   0.0 |  1407
      Vaults:1 |       0 |   28666 |   0.0 |       0 |      36 |   0.0 |  1584
      Vaults:2 |       0 |    2760 |   0.0 |       0 |       5 |   0.0 |   242
      Vaults:3 |       0 |   36214 |   0.0 |       0 |      60 |   0.0 |  1465
      Vaults:4 |       0 |   48390 |   0.0 |       0 |      69 |   0.0 |  2197
      Vaults:5 |       0 |   40024 |   0.0 |       0 |      31 |   0.0 |   407
       Abyss:2 |    7958 |    1180 |  87.1 |      21 |       5 |  80.8 |   910
       Abyss:3 |   12952 |    2958 |  81.4 |      14 |       9 |  60.9 |   235
               +---------+---------+-------+---------+---------+-------+---------
